 Dungeon Crawl Stone Soup version 0.24-a0-613-g1ff6aac338 (webtiles) character file.

Game seed: 7075035077106824201, levelgen mode: deterministic

149 Jorund the Vexing (level 5, -6/55 HPs)
             Began as a Formicid Arcane Marksman on Sept 10, 2019.
             Hit by a boomerang thrown by an orc warrior (7 damage)
             ... on level 3 of the Dungeon.
             The game lasted 00:07:01 (2488 turns).

Jorund the Vexing (Formicid Arcane Marksman)        Turns: 2488, Time: 00:07:01

Health: -6/55      AC: 22    Str: 12 (15) XL:     5   Next: 56%
Magic:  7/7        EV:  2    Int: 10 (13) God:
Gold:   104        SH:  0    Dex: 13 (16) Spells: 4/7 levels left

rFire    + . .     SeeInvis +   a - +0 hand crossbow
rCold    + . .     Gourm    .   (no shield)
rNeg     + + +     Faith    .   (armour currently unavailable)
rPois    +         Spirit   .   (helmet unavailable)
rElec    +         Reflect  .   (cloak currently unavailable)
rCorr    +         Harm     .   (gloves currently unavailable)
MR       .....                  (boots currently unavailable)
Stlth    ++........             (no amulet)
HPRegen  0.18/turn              n - ring of see invisible
MPRegen  0.10/turn              (no ring)

@: agile, tree-form, resistant
A: permanent stasis, dig shafts and tunnels, four strong arms
a: no special abilities


You were on level 3 of the Dungeon.
You were hungry.
You were a tree.
You visited 1 branch of the dungeon, and saw 4 of its levels.

You collected 104 gold pieces.

Inventory:

Hand Weapons
 a - a +0 hand crossbow (weapon)
Missiles
 d - 19 bolts (quivered)
 m - 34 poisoned darts
Armour
 e - a +1 robe (melded)
 g - a +0 plate armour
 i - a +4 ring mail
 k - a +1 ring mail of cold resistance
Jewellery
 n - a ring of see invisible (left branch)
Scrolls
 o - a scroll of enchant armour
 s - 2 scrolls of immolation
Potions
 b - 5 potions of brilliance
 c - 2 potions of ambrosia
 j - a potion of might
 l - 2 potions of agility
Comestibles
 f - 7 rations


   Skills:
 - Level 1.1 Fighting
 + Level 4.3 Crossbows
 - Level 1.7 Dodging
 + Level 1.9 Spellcasting
 + Level 4.7 Hexes


You had 4 spell levels left.
You knew the following spells:

 Your Spells              Type           Power        Failure   Level  Hunger
a - Corona                Hex            ##.....      4%          1    ##.....
b - Slow                  Hex            ##......     7%          2    ###....

Your spell library contained the following spells:

 Spells                   Type           Power        Failure   Level  Hunger
 Inner Flame              Hex/Fire       #.......     34%         3    ####...
 Portal Projectile        Hex/Tloc       #.....       34%         3    ####...
 Cause Fear               Hex            ##........   41%         4    #####..
 Leda's Liquefaction      Hex/Erth       #.........   75%         4    #####..


Dungeon Overview and Level Annotations

Branches:
Dungeon (4/15)
 Temple: D:4-7

Altars:
Uskayaw

Annotations:
D:3 3 runed translucent doors, MordorOrchid's ghost, amateur GrMo


Innate Abilities, Weirdness & Mutations

You cannot be hasted, slowed, berserked, paralysed or teleported.
You can dig through walls and to a lower floor.
Your four strong arms can wield two-handed weapons with a shield.
((You have a pair of large antennae on your head. (SInv)))


Message History

Aim: an orc warrior, wielding a +0 short sword and wearing a +0 plate armour (moderately wounded, slow, poisoned)
You throw a curare-tipped dart.
The curare-tipped dart closely misses the orc warrior.
Firing (i - inventory. (/) - cycle)
d - 21 bolts (quivered)
Press: ? - help, Shift-Dir - straight line, f/p - orc warrior
Aim: an orc warrior, wielding a +0 short sword and wearing a +0 plate armour (heavily wounded, slow, poisoned)
You shoot a bolt. The bolt hits the orc warrior.
The orc warrior is heavily wounded.
The orc warrior throws a boomerang.
The boomerang hits you!
* * * LOW HITPOINT WARNING * * *
The weapon returns to the orc warrior!
Firing (i - inventory. (/) - cycle)
d - 20 bolts (quivered)
Press: ? - help, Shift-Dir - straight line, f/p - orc warrior
Aim: an orc warrior, wielding a +0 short sword and wearing a +0 plate armour (heavily wounded, slow, poisoned)
You shoot a bolt.
The bolt hits the orc warrior but does no damage.
The orc warrior is heavily wounded.
The orc warrior looks more healthy.
The orc warrior throws a boomerang.
The boomerang hits you!
You die...

.#.............#.# ..#
...##...###....#.# ..o
#..##).##.#..#.#.# .... {
#..#..##)##.##...####.#..
#..#....##.......(....#.#.
#..##†..#...####.o.{..(o
...#.# #..###......#
#.###### #..#.#
#...###..##.# #.# #..#.#
#....######.# #♣# #..#.#
.....÷......####.# #..#.#
####.###.........# #..#.#
#.##.....####.#
#########..#.# #.....####
#.# #............# #.###.#
##.###.#######..### ####.#
#.# #...##.# #..# .....#
#.# #......# #..### ######
#.# #...#### #.....


You could see an orc warrior.

Vanquished Creatures
  2 orc wizards (D:3)
  3 adders (D:2)
  A worm (D:2)
  3 dart slugs
  2 leopard geckos
  2 orcs (D:3)
  4 giant cockroaches
  6 goblins
  3 hobgoblins
  2 jackals (D:3)
  12 bats
  10 kobolds
  11 rats
61 creatures vanquished.

Notes
Turn   | Place    | Note
-------+----------+-------------------------------------------
     0 | D:1      | Jorund the Formicid Arcane Marksman began the quest for the
                  | Orb.
     0 | D:1      | Reached XP level 1. HP: 15/15 MP: 2/2
   165 | D:1      | Reached XP level 2. HP: 21/21 MP: 3/3
   684 | D:1      | Reached XP level 3. HP: 26/26 MP: 4/4
   985 | D:2      | Reached XP level 4. HP: 32/32 MP: 4/6
   996 | D:2      | Learned a level 2 spell: Slow
  1395 | D:2      | You fall into a shaft and drop 2 floors!
  1731 | D:3      | Found a runed translucent gate.
  1731 | D:3      | Found a runed translucent gate.
  1731 | D:3      | Found a runed translucent gate.
  1732 | D:3      | Noticed MordorOrchid's ghost (amateur GrMo)
  1886 | D:3      | Noticed a +0 hand axe
  1886 | D:3      | Noticed a +0 dagger
  1890 | D:3      | Found a hide-covered altar of Uskayaw.
  1908 | D:3      | Reached XP level 5. HP: 20/37 MP: 5/7
  2349 | D:3      | Noticed an orc warrior
  2487 | D:3      | HP: 1/55 [orc warrior/boomerang (7)]
  2488 | D:3      | Hit by a boomerang thrown by an orc warrior

Levels and vault maps discovered:
D:1:      dpeg_arrival_tiny_k, layout_loops_ring, minmay_door_square
D:2:      layout_loops_ring, first_ration
D:3:      layout_loops_ring, dancing_weapons_uskayaw, marbit_many_paths,
          ebering_ghost_rock_garden, minmay_cupped
D:4:      layout_loops_corners

Skill      XL: |  1  2  3  4 |
---------------+-------------+-----
Hexes          | 4 |  4.7
Crossbows      | 3 4 |  4.3
Fighting       | |  1.1
Dodging        | |  1.7
Spellcasting   | |  1.9

Action                   |  1- 3 |  4- 6 || total
-------------------------+-------+-------++-------
 Fire: Hand crossbow     |    70 |    70 ||   140
Throw: Dart              |       |     8 ||     8
 Cast: Corona            |    12 |    17 ||    29
  Use: Scroll            |       |     6 ||     6
       Potion            |       |     5 ||     5
  Eat: Chunk             |       |     5 ||     5
Armor: Robe              |    11 |     7 ||    18
Dodge: Dodged            |    20 |    26 ||    46

Table legend:
 A = Non-vault XP
 B = Vault XP
 C = Vault XP percentage of total XP
 D = Non-vault monster count
 E = Vault monster count
 F = Vault count percentage of total count
                 A         B        C        D         E       F
            +---------+---------+-------+---------+---------+-------
      Total |     207 |       6 |   2.8 |      59 |       2 |   3.3
            +---------+---------+-------+---------+---------+-------
        D:1 |      34 |       0 |   0.0 |      22 |       0 |   0.0
        D:2 |      83 |       0 |   0.0 |      24 |       0 |   0.0
        D:3 |      90 |       6 |   6.2 |      13 |       2 |  13.3
            +---------+---------+-------+---------+---------+-------
